 Dungeon Crawl Stone Soup version 0.28.0-53-g5a82cb258f (webtiles) character file.

Game seed: 10360988364267461762

10 DungeonMaster the Magician (level 2, 19/19 HPs)
             Began as a Demonspawn Hedge Wizard on July 5, 2022.
             Quit the game on level 1 of the Dungeon.
             The game lasted 00:00:29 (608 turns).

DungeonMaster the Magician (Demonspawn Hedge Wizard) Turns: 608, Time: 00:00:29

Health: 19/19      AC:  2    Str: 10    XL:     2   Next: 10%
Magic:  4/6        EV: 12    Int: 15    God:
Gold:   0          SH:  0    Dex: 12    Spells: 6/7 levels left

rFire   . . .      SeeInvis .   a - +0 dagger
rCold   . . .      Faith    .   (no shield)
rNeg    . . .      Spirit   .   b - +0 robe
rPois   .          Reflect  .   c - +0 hat
rElec   .          Harm     .   (no cloak)
rCorr   .          Rampage  .   (no gloves)
Will    .....                   (no boots)
Stlth   ++........              (no amulet)
HPRegen 0.06/turn               (no ring)
MPRegen 0.10/turn               (no ring)

@: no status effects
A: hooves 1
a: no special abilities


You were on level 1 of the Dungeon.
You visited 1 branch of the dungeon, and saw 1 of its levels.

Inventory:

Hand Weapons
 a - a +0 dagger (weapon)
Missiles
 d - 25 stones
Armour
 b - a +0 robe (worn)
 c - a +0 hat (worn)
Scrolls
 e - a scroll of magic mapping {unknown}


   Skills:
 - Level 1.7 Dodging
 - Level 1.7 Stealth
 * Level 3.2 Spellcasting
 * Level 1.6 Conjurations
 - Level 1.0 Summonings
 - Level 0.8 Translocations


You had 6 spell levels left.
You knew the following spells:

 Your Spells              Type           Power      Damage    Failure   Level
a - Magic Dart            Conj           28%        1d4       10%         1

Your spell library contained the following spells:

 Spells                   Type           Power      Damage    Failure   Level
 Slow                     Hex            8%         N/A       21%         1
 Blink                    Tloc           10%        N/A       21%         2
 Call Imp                 Summ           5%         N/A       21%         2
 Conjure Flame            Conj/Fire      4%         6-21      38%         3
 Mephitic Cloud           Conj/Pois/Air  4%         N/A       43%         3
 Summon Forest            Summ/Tloc      2%         N/A       98%         5
 Eringya's Noxious Bog    Tmut/Pois      1%         N/A       100%        6
 Summon Hydra             Summ           2%         N/A       100%        7


Dungeon Overview and Level Annotations

Branches:
Dungeon (1/15)

Altars:


Innate Abilities, Weirdness & Mutations

You have large cloven feet.


Message History

Aiming: Magic Dart (safe; 11% risk of failure)
Press: ? - help, Shift-Dir - straight line, f/p - ball python
Aim: a ball python (moderately wounded, 100% to hit)
The magic dart hits the ball python.
You kill the ball python!
You have reached level 2!
Your demonic ancestry asserts itself...
Your feet thicken and deform.
You see here a ball python corpse.
You see here a frilled lizard corpse.
e - a scroll labelled HOCLAGHUSE A kobold comes into view.
It is wielding a +0 dagger.
The kobold shouts!
The kobold throws a stone.
The stone completely misses you.
Casting: Magic Dart (safe; 10% risk of failure)
Confirm with . or Enter, or press ? or * to list all spells.
Aiming: Magic Dart (safe; 10% risk of failure)
Press: ? - help, Shift-Dir - straight line, f - kobold
Aim: a kobold, wielding a +0 dagger and quivering stones (100% to hit)
The magic dart hits the kobold.
The kobold is severely wounded.
Casting: Magic Dart (safe; 10% risk of failure)
Confirm with . or Enter, or press ? or * to list all spells.
Aiming: Magic Dart (safe; 10% risk of failure)
Press: ? - help, Shift-Dir - straight line, f/p - kobold
Aim: a kobold, wielding a +0 dagger and quivering stones (heavily wounded, 100% to hit)
The magic dart hits the kobold.
You kill the kobold!
Casting: Magic Dart (safe; 10% risk of failure)
Confirm with . or Enter, or press ? or * to list all spells.
Aiming: Magic Dart (safe; 10% risk of failure)
Press: ? - help, Shift-Dir - straight line, f - you That beam is likely to hit you.
Continue anyway? [Y]es or [N]o only, please.
That beam is likely to hit you.
Continue anyway? [Y]es or [N]o only, please.
That beam is likely to hit you.
Continue anyway?
Okay, then.
Unknown command.
Are you sure you want to abandon this character and quit the game? (Confirm with "yes".)

#.....### ..
#..###.#. #. #..#
##.# #. # #..# #.#
#) #.##..####.# #.
#..........# #.
####..######
#.#########..#
####.@..........#
............††...##
##################


There were no monsters in sight!

Vanquished Creatures
  A dart slug (D:1)
  A ball python (D:1)
  A bat (D:1)
  A kobold (D:1)
  A quokka (D:1)
  2 frilled lizards (D:1)
  A rat (D:1)
8 creatures vanquished.

Notes
Turn   | Place    | Note
-------+----------+-------------------------------------------
     0 | D:1      | DungeonMaster the Demonspawn Hedge Wizard began the quest
                  | for the Orb.
     0 | D:1      | Reached XP level 1. HP: 13/13 MP: 4/4
   547 | D:1      | Gained mutation: You have large cloven feet. [demonic
                  | ancestry]
   547 | D:1      | Reached XP level 2. HP: 19/19 MP: 1/6
   608 | D:1      | Quit the game

Illustrated notes

Levels and vault maps discovered:
D:1:      dpeg_arrival_refuge, layout_loops_ring, chequers_serial_rivers_small_a

Action                   || total
-------------------------++-------
Melee: Dagger            ||    10
       Punch             ||     1
 Cast: Magic Dart        ||    17
Armor: Robe              ||     5
Dodge: Dodged            ||     7
